 Dungeon Crawl Stone Soup version 0.20-a0-1089-g3fde505 (webtiles) character file.

2174 JeffiDaFish the Sneak (level 9, 0/75 HPs)
             Began as a Pale Draconian Assassin on May 3, 2017.
             Was a Follower of Dithmenos.
             Slain by a hippogriff (3 damage)
             ... on level 7 of the Dungeon.
             The game lasted 00:21:09 (6151 turns).

JeffiDaFish the Sneak (Pale Draconian Assassin)     Turns: 6151, Time: 00:21:11

Health: 0/75       AC:  9    Str: 18    XL:     9   Next: 11%
Magic:  9/9        EV: 14    Int: 13    God:    Dithmenos [*.....]
Gold:   414        SH:  0    Dex: 15    Spells: 8/8 levels left

rFire    . . .     SeeInvis .   w - +3 dagger
rCold    . . .     Gourm    .   (no shield)
rNeg     . . .     Faith    .   (armour unavailable)
rPois    .         Spirit   .   q - +0 hat
rElec    .         Reflect  .   c - +0 cloak
rCorr    .         Harm     .   n - +0 pair of gloves
MR       .....                  (no boots)
Stlth    ++++......             (no amulet)
Regen    0.3/turn               g - ring of flight
MPRegen  0.2/turn               k - +5 ring of strength

@: about to teleport, wreathed by umbra
A: breathe steam, unfitting armour, mutation resistance 1, cold-blooded, AC +7
a: Breathe Steam, Renounce Religion, Evoke Flight


You were on level 7 of the Dungeon.
You worshipped Dithmenos.
Dithmenos was aware of your devotion.
You were very hungry.

You visited 2 branches of the dungeon, and saw 8 of its levels.
You also visited: Ossuary.

You collected 414 gold pieces.

Inventory:

Hand Weapons
 b - a +1 blowgun
 w - a +3 dagger (weapon)
Missiles
 d - 35 poisoned needles
 e - 2 curare-tipped needles
Armour
 c - a +0 cloak (worn)
 n - a +0 pair of gloves (worn)
 q - a +0 hat (worn)
Magical Staves
 y - an uncursed staff of poison
Jewellery
 g - a ring of flight (left hand)
 k - a +5 ring of strength (right hand)
Scrolls
 a - a scroll of fear
 l - a scroll of teleportation
 m - 8 scrolls of identify
 s - 2 scrolls of remove curse
 v - a scroll of amnesia
Potions
 h - 3 potions of curing
 j - a potion of berserk rage
 p - a potion of flight
 r - a potion of resistance
 t - 2 potions of haste
 u - a potion of might
 z - a potion of brilliance {unknown}
Books
 x - a book of Cantrips

   Spells                             Type                      Level
   a - Confusing Touch                Hexes                        1
   b - Animate Skeleton               Necromancy                   1
   c - Summon Small Mammal            Summoning                    1
   d - Apportation                    Translocation                1
Comestibles
 f - 4 bread rations
 i - 4 meat rations
 o - 2 fruits
 A - a royal jelly
 B - 2 chunks of flesh


   Skills:
 + Level 5.7 Fighting
 + Level 5.8 Short Blades
   Level 3.1 Polearms
 + Level 4.3 Throwing
 + Level 4.5 Dodging
 * Level 6.8 Stealth


You had 8 spell levels left.
You didn't know any spells.

Dungeon Overview and Level Annotations

Branches:
Dungeon (7/15)             Temple (1/1) D:5

Altars:
Ashenzari
Cheibriados
Dithmenos
Elyvilon
Fedhas
Hepliaklqana
Kikubaaqudgha
Makhleb
Nemelex Xobeh
Okawaru
Qazlal
Ru
Sif Muna
Trog
Uskayaw
Vehumet
Wu Jian
Xom
Yredelemnul
Zin

Shops:
D:5 =

Portals:
Bailey: D:7


Innate Abilities, Weirdness & Mutations

You can breathe blasts of scalding, opaque steam.
Your pale cyan-grey scales are hard. (AC +7)
You cannot fit into any form of body armour.
You are cold-blooded and may be slowed by cold attacks.
You are somewhat resistant to further mutation.


Message History

The centaur hits you but does no damage.
You feel better.
You hear the faint creaking of a portcullis nearby.
The hippogriff closely misses you. The hippogriff pecks you.
The hippogriff claws you!
* * * LOW HITPOINT WARNING * * *
The centaur closely misses you.
You hit the hippogriff.
Your tail-slap misses the hippogriff.
The hippogriff is heavily wounded.
The hippogriff bites you but does no damage.
The hippogriff closely misses you. The hippogriff barely misses you.
The centaur hits you.
* * * LOW HITPOINT WARNING * * *
As you read the scroll of teleportation, it crumbles to dust.
You feel strangely unstable. The centaur hits you.
* * * LOW HITPOINT WARNING * * *
The hippogriff bites you.
* * * LOW HITPOINT WARNING * * *
The hippogriff pecks you.
You die...

..................)... ##.. #
...................... ##.##
..........=........#.# ##.##
#....................## #..##
#.......?...⌠.........# ##...#
...........(..........### #.....
............(...........####....#
......##....(#.c.#........#.....#
...# ##...#.(#@................
.. #....#.#H##....##.....#...
#..#c...###....##..(..##..
...#............##......#..
.......#......../...........
##.!........##...###...###..
#.........####.## ##.## #.
#.........# ##.# .## .
..........# ...


You could see a hippogriff and a centaur.

Vanquished Creatures
  The ghost of kapak the Magician, a novice GrEE of Vehumet (D:6)
  Pikel (D:6)
  Prince Ribbit (D:5)
  An orc warrior (D:6)
  An ice beast (D:7)
  2 eyes of draining (D:5)
  A centaur (D:6)
  Blork the orc (D:5)
  A gnoll sergeant (D:6)
  A scorpion (D:4)
  2 howler monkeys
  A hound (D:6)
  A centaur zombie (Ossuary)
  3 human zombies (Ossuary)
  2 orc wizards (D:6)
  A bullfrog skeleton (D:6)
  An iguana (D:6)
  2 worker ants
  A killer bee zombie (D:5)
  A hound skeleton (D:6)
  2 mummies (Ossuary)
  8 adders
  3 gnolls (D:6)
  2 shadow imps
  2 adder zombies
  An adder skeleton (D:4)
  A worm (D:2)
  2 dart slugs (D:2)
  A leopard gecko (D:2)
  18 orcs
  3 bats
  3 giant cockroaches
  13 goblins
  14 hobgoblins
  6 quokkas
  2 ball pythons
  5 frilled lizards
  3 goblin zombies
  8 hobgoblin zombies (Ossuary)
  A jackal zombie (Ossuary)
  4 kobolds
  12 kobold zombies (Ossuary)
  9 orc zombies (Ossuary)
  A quokka zombie (D:4)
  23 rats
173 creatures vanquished.

Vanquished Creatures (others)
  2 slaves (D:6)
  An orc priest (D:6)
  A gnoll (D:6)
4 creatures vanquished.

Grand Total: 177 creatures vanquished

Notes
Turn   | Place    | Note
-------+----------+-------------------------------------------
     0 | D:1      | JeffiDaFish the Draconian Assassin began the quest for the Orb.
     0 | D:1      | Reached XP level 1. HP: 17/17 MP: 1/1
   173 | D:1      | Reached skill level 4 in Stealth
   173 | D:1      | Reached XP level 2. HP: 24/24 MP: 2/2
   239 | D:1      | Gained mutation: You are somewhat resistant to further mutation. [potion of mutation]
   552 | D:2      | Reached skill level 1 in Dodging
   579 | D:2      | Reached XP level 3. HP: 6/30 MP: 3/3
  1384 | D:3      | Found a deep blue altar of Sif Muna.
  1384 | D:3      | Found a white marble altar of Elyvilon.
  1528 | D:3      | Reached XP level 4. HP: 35/37 MP: 4/4
  2230 | D:3      | Reached XP level 5. HP: 34/42 MP: 5/5
  2533 | D:4      | Reached skill level 5 in Stealth
  2624 | D:4      | Found a sand-covered staircase.
  2645 | Ossuary  | Entered an ossuary
  2830 | Ossuary  | Reached XP level 6. HP: 37/50 MP: 6/6
  3743 | D:5      | Entered Level 5 of the Dungeon
  3760 | D:5      | Found Biolucikk's Jewellery Shoppe.
  3850 | D:5      | Found a staircase to the Ecumenical Temple.
  3908 | Temple   | Entered the Ecumenical Temple
  4084 | Temple   | Became a worshipper of Dithmenos the Shadowed
  4289 | D:5      | Noticed Blork the orc
  4305 | D:5      | Killed Blork the orc
  4431 | D:5      | Your scales start taking on a pale cyan-grey colour.
  4431 | D:5      | Reached XP level 7. HP: 40/57 MP: 7/7
  4546 | D:5      | Found a bloodstained altar of Trog.
  4591 | D:5      | Reached skill level 1 in Polearms
  4755 | D:5      | Noticed Prince Ribbit
  4769 | D:5      | Killed Prince Ribbit
  4928 | D:6      | Found a hide-covered altar of Uskayaw.
  5018 | D:6      | Noticed Pikel
  5020 | D:6      | Noticed kapak's ghost (novice GrEE)
  5057 | D:6      | Killed Pikel
  5057 | D:6      | Reached skill level 5 in Short Blades
  5057 | D:6      | Reached skill level 6 in Stealth
  5057 | D:6      | Reached XP level 8. HP: 55/67 MP: 8/8
  5064 | D:6      | Killed kapak's ghost
  5064 | D:6      | Reached skill level 5 in Fighting
  5255 | D:6      | Found a glowing silver altar of Zin.
  5260 | D:6      | Noticed an angel
  5458 | D:6      | Reached * piety under Dithmenos
  5500 | D:6      | Reached XP level 9. HP: 28/75 MP: 9/9
  6058 | D:7      | Found a flagged portal.
  6151 | D:7      | HP: 3/75 [hippogriff (6)]
  6151 | D:7      | Slain by a hippogriff

Vault maps used:
D:1:      dpeg_arrival_concentric_ovals, minmay_misc_feat_pillars
D:2:      serial_glass, glass_columns_c, glass_columns_c
D:3:      cheibrodos_greedy_goblins, gammafunk_temple_overflow_pools,
          first_bread, minmay_rat_hole
D:4:      enter_ossuary_4, minivault_1
D:5:      trog_eyes_of_draining, minmay_temple_entry_junction, serial_shops,
          nicolae_shop_crystal, uniq_prince_ribbit1, uniq_blork_the_orc
D:6:      eat_drink_and_be_merry_uskayaw, zin_angel, uniq_pikel
D:7:      tso_metal_star, enter_bailey_2, grunt_livestock, solitary_fountain
Temple:   regret_index_temple_waves
Ossuary:  ossuary_tomb_1

Skill      XL: |  1  2  3  4  5  6  7  8 |
---------------+-------------------------+-----
Stealth        | 4 5 6 |  6.8
Throwing       | 2 3 4 |  4.3
Dodging        | 1 2 3 4 |  4.5
Short Blades   | 3 4 5 |  5.8
Fighting       | 3 4 5 |  5.7
Polearms       | 3 |  3.1

Action                   |  1- 3 |  4- 6 |  7- 9 || total
-------------------------+-------+-------+-------++-------
Melee: Dagger            |   127 |   275 |   122 ||   524
       Tailslap          |    13 |    39 |    36 ||    88
       Spear             |       |     8 |    82 ||    90
 Fire: Blowgun           |     2 |    16 |    27 ||    45
 Abil: Breathe Steam     |       |       |     2 ||     2
  Use: Scroll            |     7 |     3 |     4 ||    14
       Potion            |     4 |     8 |     2 ||    14
 Stab: Sleeping          |     9 |    15 |     4 ||    28
  Eat: Chunk             |     2 |     6 |     6 ||    14
       Royal jelly       |       |     1 |       ||     1
Armor: Skin              |    25 |    76 |    44 ||   145
Dodge: Dodged            |    62 |   181 |   113 ||   356
